 Dungeon Crawl Stone Soup version 0.30.0-29-ga12c61a403 (webtiles) character file.

Game seed: 2382071537460087448

36 ChadusMaximus the Caller (level 3, 0/24 HPs)
             Began as a Human Summoner on June 10, 2023.
             Slain by an orc
             ... wielding a +0 hand axe
              (4 damage)
             ... on level 2 of the Dungeon.
             The game lasted 00:01:21 (869 turns).

ChadusMaximus the Caller (Human Summoner)            Turns: 869, Time: 00:01:22

Health: 0/24       AC:  2    Str:  8    XL:     3   Next: 57%
Magic:  3/6        EV: 12    Int: 17    God:
Gold:   77         SH:  0    Dex: 13    Spells: 5/6 levels left

rFire   . . .        f - +0 spear
rCold   . . .        (no shield)
rNeg    . . .        a - +0 robe
rPois   .            (no helmet)
rElec   .            (no cloak)
rCorr   .            (no gloves)
SInv    .            (no boots)
Will    .....        (no amulet)
Stlth   ++           (no ring)
HPRegen 0.24/turn    (no ring)
MPRegen 0.10/turn

%: no passive effects
@: very slightly contaminated
A: no striking features
a: no special abilities


You were on level 2 of the Dungeon.
You visited 1 branch of the dungeon, and saw 2 of its levels.

You collected 77 gold pieces.

Inventory:

Hand Weapons
 b - a +1 short sword of draining
 f - a +0 spear (weapon)
Armour
 a - a +0 robe (worn)
Scrolls
 c - a scroll of amnesia {unknown}
 d - a scroll of silence {unknown}
 g - a scroll of vulnerability {unknown}
Potions
 e - a potion of magic
 h - a potion of curing {unknown}
 i - a potion of attraction {unknown}


   Skills:
 - Level 2.2 Dodging
 - Level 2.2 Stealth
 + Level 2.4 Spellcasting
 * Level 4.6 Summonings


You had 5 spell levels left.
You knew the following spells:

 Your Spells              Type           Power      Damage    Failure   Level
a - Summon Small Mammal   Summ           68%        N/A       2%          1

Your spell library contained the following spells:

 Spells                   Type           Power      Damage    Failure   Level
 Call Imp                 Summ           34%        N/A       4%          2
 Call Canine Familiar     Summ           17%        N/A       9%          3
 Summon Guardian Golem    Hex/Summ       9%         N/A       22%         3
 Summon Lightning Spire   Summ/Air       9%         N/A       56%         4


Dungeon Overview and Level Annotations

Branches:
Dungeon (2/15)

Altars:


Message History

There are monsters nearby!
You hit the worm.
The worm is severely wounded.
Unknown command.
Casting: Summon Small Mammal (safe; 2% risk of failure)
Confirm with . or Enter, or press ? or * to list all spells.
The orc hits you with a +0 hand axe.
The orc hits your rat with a +0 hand axe.
The worm bites you!
Casting: Summon Small Mammal (safe; 2% risk of failure)
Confirm with . or Enter, or press ? or * to list all spells.
The orc misses you. The orc closely misses your rat.
The orc barely misses your bat.
Your rat bites the orc but does no damage.
Unknown command.
You are too injured to fight recklessly!
Your bat hits the worm.
Your bat hits the worm but does no damage.
Your rat bites the worm.
Casting: Summon Small Mammal (safe; 2% risk of failure)
Confirm with . or Enter, or press ? or * to list all spells.
You miscast Summon Small Mammal.
You are very lightly contaminated with residual magic.
Nothing appears to happen.
Your bat hits the worm. x2
The orc hits you with a +0 hand axe.
* * * LOW HITPOINT WARNING * * *
Your rat bites the worm.
Your bat hits the worm but does no damage.
Your bat hits the worm but does no damage.
Your bat hits the worm.
The worm dies!
The orc attacks as you move away! The orc hits you with a +0 hand axe.
* * * LOW HITPOINT WARNING * * *
Your bat closely misses the orc.
Casting: Summon Small Mammal (safe; 2% risk of failure)
Confirm with . or Enter, or press ? or * to list all spells.
Your rat disappears in a puff of smoke!
Your bat hits the orc but does no damage.
The orc hits you with a +0 hand axe.
You die...

#.###.##.##†##.#.#
#...(........########
####.##..............
#.##.#....########
#.##......#
..####...## ### #...#
##r## #@# #o# #.# #b#
#.# #§# #†# #......#
#..........


You could see an orc (ally target), a friendly quokka (summoned) and a friendly
bat (summoned).

Vanquished Creatures
  2 bats (D:1)
  2 endoplasms
  A giant cockroach (D:1)
  2 hobgoblins
  A kobold (D:1)
  2 quokkas (D:1)
  3 ball pythons (D:1)
  A frilled lizard (D:1)
14 creatures vanquished.

Vanquished Creatures (collateral kills)
  An adder (D:2)
  A worm (D:2)
  An endoplasm (D:1)
  2 bats (D:1)
  A kobold (D:1)
  4 rats (D:1)
10 creatures vanquished.

Grand Total: 24 creatures vanquished

Notes
Turn   | Place    | Note
-------+----------+-------------------------------------------
     0 | D:1      | ChadusMaximus the Human Summoner began the quest for the
                  | Orb.
     0 | D:1      | Reached XP level 1. HP: 13/13 MP: 3/3
   138 | D:1      | Reached XP level 2. HP: 16/16 MP: 5/5
   441 | D:1      | Reached XP level 3. HP: 24/24 MP: 6/6
   869 | D:2      | Slain by an orc

Illustrated notes

Levels and vault maps discovered:
D:1:      dpeg_arrival_renting, layout_rooms, hangedman_abyss_or_decor_stabs,
          minmay_misc_feat_plants, minmay_cupped
D:2:      layout_loops_corners, uniq_terence, uniq_robin

Action                     || total
---------------------------++-------
  Melee: Unarmed           ||     6
         Short sword       ||    16
         Spear             ||    69
   Cast: Summon Small Mamm ||    17
    Use: Potion            ||     1
   Stab: Sleeping          ||     9
         Distracted        ||     1
 Armour: Robe              ||    22
  Dodge: Dodged            ||    58
